 Dungeon Crawl Stone Soup version 0.28-a0-519-gbfeecf2fc5 (webtiles) character file.

Game seed: 4406204335327830322

28 speeev33 the Skirmisher (level 3, -1/24 HPs)
             Began as a Gargoyle Fighter on Sept 24, 2021.
             Slain by Sigmund (5 damage)
             ... on level 2 of the Dungeon.
             The game lasted 00:01:08 (1603 turns).

speeev33 the Skirmisher (Gargoyle Fighter)          Turns: 1603, Time: 00:01:08

Health: -1/24      AC: 10    Str: 20    XL:     3   Next: 12%
Magic:  3/3        EV:  9    Int:  8    God:
Gold:   32         SH:  4    Dex:  9    Spells: 2/2 levels left

rFire   . . .      SeeInvis .   a - +0 flail
rCold   . . .      Faith    .   c - +0 buckler
rNeg    + . .      Spirit   .   b - +0 scale mail
rPois   ∞          Reflect  .   (no helmet)
rElec   +          Harm     .   (no cloak)
rCorr   .          Rampage  .   (no gloves)
Will    .....                   (no boots)
Stlth   ..........              (no amulet)
HPRegen 0.08/turn               (no ring)
MPRegen 0.08/turn               (no ring)

@: mighty
A: sickness immunity, AC +3, negative energy resistance 1, electricity
resistance, torment resistance 1, petrification resistance
a: no special abilities


You were on level 2 of the Dungeon.
You visited 1 branch of the dungeon, and saw 2 of its levels.

You collected 32 gold pieces.

Inventory:

Hand Weapons
 a - a +0 flail (weapon)
Armour
 b - a +0 scale mail (worn)
 c - a +0 buckler (worn)
Potions
 e - a potion of haste {unknown}


   Skills:
 + Level 3.6 Fighting
 + Level 2.4 Maces & Flails
 + Level 3.6 Armour
 + Level 3.6 Shields


You had 2 spell levels left.
You didn't know any spells.
Your spell library was empty.

Dungeon Overview and Level Annotations

Branches:
Dungeon (2/15)

Altars:

Annotations:
D:2 Sigmund


Innate Abilities, Weirdness & Mutations

You are immune to sickness and miasma.
Your stone body is resilient. (AC +3)
You are immune to poison.
You resist negative energy. (rN+)
You are resistant to electric shocks. (rElec)
You are resistant to unholy torment.
You are immune to petrification.


Message History

No target in view!
No target in view!
No target in view!
Things that are here:
a +0 whip; a kobold corpse Sigmund the Dreaded comes into view.
He is wielding a +0 scythe.
Sigmund shouts!
Sigmund gestures at you while chanting. The puff of flame hits you.
An adder comes into view.
There are monsters nearby!
Okay, then.
You start resting.
Sigmund is nearby!
You block Sigmund's attack.
You feel very mighty all of a sudden. Sigmund gestures at you while chanting.
The magic dart hits you but does no damage.
You barely miss Sigmund. Sigmund hits you but does no damage.
You sock Sigmund!
Sigmund is heavily wounded.
Sigmund says, "Look into my eyes."
Sigmund hits you with a +0 scythe.
Your scale mail prevents you from hitting Sigmund.
Sigmund is heavily wounded.
Sigmund casts a spell.
Sigmund flickers and vanishes!
Deactivating autopickup; reactivate with Ctrl-A.
You miss something. Something hits you but does no damage.
You barely miss something. Something hits you.
You closely miss something. Something hits you but does no damage.
You barely miss something. Something hits you!
* * * LOW HITPOINT WARNING * * *
You closely miss something. Something hits you.
* * * LOW HITPOINT WARNING * * *
You barely miss something. You block something's attack.
You closely miss something. You barely miss something.
Something hits you but does no damage.
You closely miss something. Something hits you.
You die...

.S... @.. ... ##### ...
#. #.... #.# #.# #.###
#.# #.# #.# #.#
#######.####.##
#.###.............##
#.{@............#.[#
#.###.#####.###...#. #.#
#.#####.....####
#.###...##...##.##
###.....#.##.#.###.#
.......<......##.#.# ###
.#..#######))###>#.#####
# ...................#
######.)........######


There were no monsters in sight!

Vanquished Creatures
  A dart slug (D:1)
  2 ball pythons
  2 bats (D:1)
  An endoplasm (D:1)
  4 hobgoblins
  5 kobolds
  2 quokkas
  3 frilled lizards
  A goblin (D:1)
  3 rats
24 creatures vanquished.

Notes
Turn   | Place    | Note
-------+----------+-------------------------------------------
     0 | D:1      | speeev33 the Gargoyle Fighter began the quest for the Orb.
     0 | D:1      | Reached XP level 1. HP: 14/14 MP: 1/1
    23 | D:1      | Found a faded altar of an unknown god.
   369 | D:1      | Reached XP level 2. HP: 19/19 MP: 2/2
  1505 | D:2      | Reached XP level 3. HP: 22/23 MP: 3/3
  1580 | D:2      | Noticed Sigmund
  1603 | D:2      | Slain by Sigmund

Illustrated notes

Levels and vault maps discovered:
D:1:      lemuel_arrival_behind_the_door_small, layout_basic,
          hellmonk_ecumenical_altar_arch_garden
D:2:      minmay_chambers_of_twos, layout_loops_ring, hangedman_feature_mirror,
          uniq_sigmund, uniq_jessica

Action                   || total
-------------------------++-------
Melee: Flail             ||    90
  Use: Potion            ||     1
Armor: Scale mail        ||    43
Dodge: Dodged            ||    33
Block: Buckler           ||    19

Table legend: (Time is in decaauts)
 A = Elapsed time spent in this place.
 B = Non-inter-level travel time spent in this place.
 C = Inter-level travel time spent in this place.
 D = Time resting spent in this place.
 E = Time spent auto-exploring this place.
 F = Levels seen in this place.
 G = Mean time per level.
                   A        B        C        D        E       F      G
               +--------+--------+--------+--------+--------+-----+--------+
         Total |   1629 |   1594 |     35 |     88 |   1277 |   2 |  814.5 |
       Dungeon |   1629 |   1594 |     35 |     88 |   1277 |   2 |  814.5 |
               +--------+--------+--------+--------+--------+-----+--------+

Top non-repeatable levels by time:
     D:1: 1370 daAuts
     D:2: 259 daAuts
